 Dungeon Crawl Stone Soup version 0.30-a0-719-gcc4359ea44 (webtiles) character file.

Game seed: 1161169811413219486

140331 cforsyth the Spry (level 16, -7/134 HPs)
             Began as a Demonspawn Summoner on Jan 26, 2023.
             Was an Initiate of Gozag.
             Mangled by Asterion
             ... wielding a +4 demon blade of freezing
              (26 damage)
             ... on level 2 of the Snake Pit.
             The game lasted 02:12:16 (36418 turns).

cforsyth the Spry (Demonspawn Summoner)            Turns: 36418, Time: 02:12:16

Health: -7/134     AC: 27    Str: 12    XL:     16   Next: 75%
Magic:  15/31      EV: 18    Int: 24    God:    Gozag
Gold:   2128       SH:  0    Dex: 14    Spells: 25/38 levels left

rFire   . . .      SeeInvis .    p - +10 morningstar "Eos" {elec, Halo rElec}
rCold   + + .      Faith    .    (no shield)
rNeg    . . .      Spirit   .    i - +3 ring mail of the Dungeon {rElec rCorr Slay+5}
rPois   .          Reflect  .    (helmet unavailable)
rElec   +          Harm     .    l - +1 cloak
rCorr   +          Rampage  .    o - +1 pair of gloves {Str+3}
Will    ++...                    C - +0 pair of boots {Fly}
Stlth   +                        a - amulet of regeneration
HPRegen 1.22/turn                g - ring of Fugeiwn {rC++ Will+ Stlth+}
MPRegen 0.44/turn                k - +4 ring of slaying

@: mighty, gold aura, sanguine armoured, flying, glowing
A: horns 3, powered by pain 3, magic regeneration, sanguine armour 3
a: Renounce Religion, Potion Petition, Call Merchant, Bribe Branch


You were on level 2 of the Snake Pit.
You worshipped Gozag.
Gozag was most pleased with you.
You visited 5 branches of the dungeon, and saw 26 of its levels.
You also visited: Gauntlet.

You collected 9711 gold pieces.
You spent 612 gold pieces at shops.
You paid 6971 gold pieces to Gozag.

Inventory:

Hand Weapons
 p - the +10 morningstar "Eos" (weapon) {elec, Halo rElec}
   (You acquired it on level 1 of the Lair of Beasts)

   Halo:      It grants its wielder a halo, revealing invisible creatures and
   increasing accuracy against all within it other than the wielder.
   rElec:     It insulates you from electricity.
Armour
 i - the +3 ring mail of the Dungeon (worn) {rElec rCorr Slay+5}
   (You found it on level 7 of the Dungeon)

   Slay:      It affects your accuracy & damage with ranged weapons and melee
   (+5).
   rElec:     It insulates you from electricity.
   rCorr:     It protects you from acid and corrosion.
 l - a +1 cloak (worn)
 o - a +1 pair of gloves of strength (worn)
 C - a +0 pair of boots of flying (worn)
 J - the +15 crystal plate armour "Fapyihy" {rC+ Will+ Str+3 SInv}
   (You found it on level 13 of the Dungeon)

   Str:       It affects your strength (+3).
   rC:        It protects you from cold.
   SInv:      It lets you see invisible.
   Will:      It increases your willpower.
Jewellery
 a - an amulet of regeneration (around neck)
 g - the ring of Fugeiwn (left hand) {rC++ Will+ Stlth+}
   (You acquired it on level 3 of the Snake Pit)

   [ring of willpower]

   rC:        It greatly protects you from cold.
   Will:      It increases your willpower.
   Stlth:     It makes you more stealthy.
 k - a +4 ring of slaying (right hand)
 n - an amulet of the acrobat
 q - a ring of wizardry
 s - the ring of the Mage {Wiz Archmagi}
   (You bought it in a shop on level 1 of the Lair of Beasts)

   [ring of wizardry]

   It improves your spell success rate.
   Archmagi:  It increases the power of your magical spells.
 D - a ring of protection from cold
 M - the ring "Iskyzoez" {rF+ rN+}
   (You found it in a Gauntlet)

   [ring of protection from fire]

   rF:        It protects you from fire.
   rN:        It protects you from negative energy.
 U - a ring of poison resistance
 V - a ring of magical power
 X - a ring of see invisible
 Y - a +4 ring of protection
Wands
 e - a wand of polymorph (7)
 u - a wand of iceblast (34)
 x - a wand of flame (45)
 y - a wand of paralysis (21)
 E - a wand of quicksilver (9)
 N - a wand of digging (8)
 S - a wand of mindburst (11)
Scrolls
 c - 6 scrolls of teleportation
 f - 5 scrolls of magic mapping
 v - 3 scrolls of enchant armour
 w - 4 scrolls of poison
 z - 5 scrolls of fear
 A - 4 scrolls of immolation
 I - 3 scrolls of vulnerability
 K - 3 scrolls of amnesia
 P - 2 scrolls of blinking
 Q - 2 scrolls of torment
 R - 5 scrolls of fog
 T - 3 scrolls of silence
Potions
 b - 2 potions of magic
 d - 8 potions of flight
 h - 3 potions of curing
 j - 2 potions of heal wounds
 m - 2 potions of mutation
 r - 6 potions of haste
 t - 6 potions of lignification
 B - a potion of invisibility
 F - a potion of brilliance
 G - a potion of might
 L - a potion of resistance
 O - 3 potions of ambrosia
 Z - 4 potions of attraction


   Skills:
 - Level 14.6 Fighting
 + Level 7.4 Armour
 + Level 17.1 Dodging
 - Level 1.7 Stealth
 - Level 11.9 Spellcasting
 - Level 5.0 Hexes
 - Level 12.4 Summonings
 - Level 5.0 Air Magic


You had 25 spell levels left.
You knew the following spells:

 Your Spells              Type           Power      Damage    Failure   Level
a - Summon Small Mammal   Summ           100%       N/A       1%          1
b - Call Imp              Summ           65%        N/A       1%          2
c - Call Canine Familiar  Summ           65%        N/A       1%          3
d - Summon Guardian Gole  Hex/Summ       54%        N/A       1%          3
e - Summon Lightning Spi  Summ/Air       54%        N/A       2%          4

Your spell library contained the following spells:

 Spells                   Type           Power      Damage    Failure   Level
 Slow                     Hex            100%       N/A       1%          1
 Confusing Touch          Hex            38%        N/A       3%          3
 Swiftness                Air            38%        N/A       3%          3
 Tukima's Dance           Hex            38%        N/A       3%          3
 Ensorcelled Hibernation  Hex/Ice        52%        N/A       4%          2
 Static Discharge         Conj/Air       52%        2-5/arc   4%          2
 Animate Armour           Summ/Erth      88%        N/A       7%          4
 Foxfire                  Conj/Fire      56%        2x1d6     9%          1
 Necrotise                Necr           56%        1d6       9%          1
 Dazzling Flash           Conj/Hex       52%        N/A       10%         3
 Portal Projectile        Hex/Tloc       52%        N/A       10%         3
 Vhi's Electric Charge    Tloc/Air       52%        N/A       10%         3
 Lesser Beckoning         Tloc           28%        N/A       13%         2
 Passwall                 Tmut/Erth      11%        N/A       13%         2
 Gell's Gravitas          Tloc           14%        N/A       26%         3
 Hailstorm                Conj/Ice       14%        3d5       26%         3
 Stone Arrow              Conj/Erth      28%        3d8       26%         3
 Teleport Other           Tloc           14%        N/A       26%         3
 Vampiric Draining        Necr           14%        2d7       26%         3
 Silence                  Hex/Air        19%        N/A       30%         5
 Iskenderun's Mystic Bla  Conj/Tloc      14%        2d5       65%         4
 Arcjolt                  Conj/Air       13%        1d23      65%         5
 Lightning Bolt           Conj/Air       13%        1d26      65%         5
 Agony                    Necr           14%        N/A       94%         5
 Blade Hands              Tmut           7%         N/A       94%         5
 Fireball                 Conj/Fire      7%         3d5       94%         5
 Starburst                Conj/Fire      7%         6d4       100%        6
 Borgnjor's Revivificati  Necr           7%         N/A       100%        8
 Lehudib's Crystal Spear  Conj/Erth      7%         10d3      100%        8
 Necromutation            Tmut/Necr      7%         N/A       100%        8
 Death's Door             Necr           7%         N/A       100%        9


Dungeon Overview and Level Annotations

Branches:
Dungeon (15/15)            Temple (1/1) D:4            Lair (5/5) D:8
  Swamp (0/4) Lair:2        Snake (3/4) Lair:3        Slime (0/5) Lair:5
    Orc (2/2) D:10            Elf (0/3) Orc:2        Vaults (0/5) D:13
 Depths (0/4) D:15        Gauntlet (visited)

Altars:
Ashenzari
Cheibriados
Dithmenos
Fedhas
Gozag
Hepliaklqana
Kikubaaqudgha
Makhleb
Nemelex Xobeh
Okawaru
Qazlal
Ru
Sif Muna
Trog
Uskayaw
Vehumet
Wu Jian
Xom
Yredelemnul
Jiyva

Shops:
D:9 =   D:13 *   D:15 :   Orc:2 **=[[[   Lair:1 :=(:(*=   Snake:3 *

Annotations:
D:14 1 runed translucent door
D:15 Roxanne
Snake:2 Asterion, Vashnia


Innate Abilities, Weirdness & Mutations

You have a pair of large horns on your head.
You are powered by pain.
You regenerate magic rapidly.
When seriously injured, your blood forms very thick armour. (AC +12)


Message History

Casting: Summon Lightning Spire (mildly dangerous; 2% risk of failure)
Confirm with . or Enter, or press ? or * to list all spells.
Asterion hits you but does no damage. Asterion barely misses you.
Unknown command.
Unknown command.
Asterion attacks as you move away!
Asterion hits you with a +4 demon blade of freezing!!
Asterion completely misses you.
Unknown command.
Unknown command.
Casting: Call Canine Familiar (safe; 1% risk of failure)
Confirm with . or Enter, or press ? or * to list all spells.
A beastly little devil appears in a puff of flame.
Asterion barely misses you. Asterion gores you.
Asterion blocks your warg's attack. Asterion misses you.
Asterion gores you but does no damage.
Unknown command.
Unknown command.
Casting: Call Imp (safe; 1% risk of failure)
Confirm with . or Enter, or press ? or * to list all spells.
Asterion blocks your warg's attack.
Asterion hits you with a +4 demon blade of freezing!!
* * * LOW HITPOINT WARNING * * *
Asterion completely misses you.
Asterion blocks your crimson imp's attack.
Unknown command.
Unknown command.
Casting: Summon Small Mammal (safe; 1% risk of failure)
Confirm with . or Enter, or press ? or * to list all spells.
Your warg completely misses Asterion.
Asterion furiously retaliates!
Asterion headbutts your warg!!
Asterion hits you with a +4 demon blade of freezing.
* * * LOW HITPOINT WARNING * * *
Asterion gores you but does no damage.
Your warg bites Asterion.
Asterion blocks your quokka's attack.
Your guardian golem overheats!
Your crimson imp hits Asterion but does no damage.
Asterion hits you with a +4 demon blade of freezing!!
You die...
Your body crumbles into a pile of gold.

##...######..............#####
##...## ##.......##.....##..
##.....# #..................
##...#..## ##..##.............#
...####..# #...##..####......##
..## #.## ##..##..## #.....## .##
#..###...#...# #<.##..## .##
##..##..5.r.## #.. ###.. ..##
##...8..9H@.### #.# ##.
#..####..#.$...hr#..#####.# #.
##..#...##☼##$....#...##..# ##
##...####9##......#...#..# ##
#..## N$##....#.......## ##.
#....# #°§#...#..#......######..
.......##..##.##......#...##.#...
.......#....#....###.......#...#.
......## ####.# #...#.......#.


You could see Asterion (fast, ally target), a friendly guardian golem (summoned,
inner flame), a friendly warg (summoned, sheltered), a friendly lightning spire
(summoned, sheltered), a friendly crimson imp (summoned, sheltered) and 2
friendly quokkas.

Vanquished Creatures
  A nagaraja (Snake:2)
  Erolcha (D:13)
  A salamander tyrant (Snake:3)
  A hydra (Lair:5)
  2 anacondas (Snake:1)
  2 boulder beetles
  4 two-headed ogres
  4 centaur warriors
  2 naga sharpshooters (Snake:3)
  2 shock serpents (Snake:3)
  A salamander mystic (Snake:3)
  A skeletal warrior (D:12)
  2 sea snakes (Snake:1)
  A phantasmal warrior (D:13)
  An orc knight (Orc:2)
  An ugly thing (D:12)
  2 deep elf pyromancers
  3 mana vipers
  2 orc sorcerers
  2 manticores
  2 salamanders (Snake:3)
  3 elephants (Lair:3)
  7 black mambas
  3 cane toads
  A gargoyle (D:13)
  A freezing wraith (D:13)
  A kobold demonologist (D:9)
  2 komodo dragons
  2 tyrant leeches (Lair:5)
  2 meliai (D:14)
  3 trolls
  A hornet (D:10)
  3 polar bears
  A tarantella (shapeshifter) (D:15)
  6 blink frogs
  3 slime creatures
  A large abomination (Gauntlet)
  2 wyverns
  A vampire (D:11)
  3 water elementals
  10 yaks
  A wraith (D:11)
  2 fire elementals (Snake:1)
  4 vampire mosquitoes
  A warg (Orc:2)
  5 nagas
  5 water moccasins
  3 black bears
  9 orc warriors
  3 ogres (Orc:1)
  2 centaurs
  3 bullfrogs
  4 killer bees
  9 electric eels (Snake:1)
  2 howler monkeys (D:9)
  A lava snake (D:7)
  2 orc priests
  9 orc wizards
  A small abomination (Gauntlet)
  10 orcs
  A kobold (D:9)
  A bat (D:2)
172 creatures vanquished.

Vanquished Creatures (collateral kills)
  Mlioglotl (Snake:3)
  A nagaraja (Snake:3)
  A fire giant (Orc:1)
  A dire elephant (D:15)
  The ghost of Isikleif the Cleaver, a journeyman MiBe of Trog (D:13)
  A minotaur (Gauntlet)
  An ettin (Orc:1)
  Harold (D:10)
  A centaur warrior (D:13)
  3 vault guards (D:13)
  2 naga warriors (Snake:3)
  4 two-headed ogres
  The ghost of superbruh the Protected, a novice MiFi of Makhleb (Lair:1)
  5 anacondas
  3 boulder beetles
  A naga sharpshooter (Snake:3)
  2 skeletal warriors (D:12)
  2 bog bodies (Lair:2)
  2 sea snakes (Snake:1)
  A flayed ghost (D:13)
  A lindwurm (Lair:4)
  3 naga ritualists
  A deep elf pyromancer (D:15)
  An orc knight (D:15)
  7 ugly things
  4 mana vipers
  12 cyclopes
  An orc sorcerer (Orc:2)
  6 salamanders
  A manticore (D:13)
  3 elephants (Lair:1)
  9 black mambas
  A torpor snail (Lair:5)
  2 guardian serpents (Snake:1)
  6 naga magi
  10 cane toads
  A rime drake (Lair:4)
  An unseen horror (D:10)
  8 komodo dragons
  3 efreet
  2 freezing wraiths (D:13)
  A troll (D:15)
  A tyrant leech (Lair:5)
  A hornet (D:11)
  2 meliai
  16 blink frogs
  2 dream sheep (Lair:5)
  5 slime creatures
  2 shadows (D:13)
  3 wraiths
  17 yaks
  5 wyverns
  A basilisk (Lair:3)
  7 vampire mosquitoes
  A neqoxec (Gauntlet)
  7 wargs (Orc:1)
  2 hell hounds (Snake:1)
  3 acid dragons
  8 nagas
  9 water moccasins
  2 black bears
  2 ice beasts (D:7)
  19 orc warriors
  3 ogres
  5 wolves
  8 centaurs
  A lemure (D:6)
  3 kobold brigands
  5 bullfrogs
  2 scorpions
  3 small abominations (Gauntlet)
  4 killer bees
  Dowan (D:6)
  6 howler monkeys
  4 electric eels
  2 lava snakes (D:7)
  2 jellies
  8 orc priests
  4 hounds
  5 iguanas
  17 orc wizards
  Terence (D:3)
  8 adders
  A shadow imp (Gauntlet)
  3 white imps
  A worm (D:3)
  3 dart slugs (D:4)
  73 orcs
  6 ball pythons
  5 bats
  5 endoplasms
  2 giant cockroaches
  A hobgoblin (D:2)
  4 jackals (D:5)
  16 kobolds
  6 quokkas
  4 frilled lizards (D:2)
  6 goblins
  8 rats
  A butterfly (Lair:3)
471 creatures vanquished.

Vanquished Creatures (others)
  A reaper (Gauntlet)
  Aizul (Snake:1)
  An orc warlord (Orc:1)
  A blizzard demon (Snake:1)
  Snorg (Lair:5)
  An entropy weaver (shapeshifter) (D:14)
  An ettin (Orc:1)
  A vault guard (D:13)
  4 hydras
  A boulder beetle (D:13)
  Erica (Lair:2)
  An anaconda (Snake:1)
  2 tengu warriors (D:14)
  A centaur warrior (D:13)
  2 naga warriors (Snake:3)
  A two-headed ogre (Orc:1)
  A shock serpent (Snake:3)
  A naga ritualist (Snake:1)
  An orc knight (Orc:1)
  Pikel (D:6)
  3 mana vipers
  5 ugly things
  7 cyclopes
  2 manticores
  Maurice (D:11)
  5 black mambas
  Joseph (D:8)
  3 naga magi
  A guardian serpent (Snake:3)
  6 cane toads
  Maggie (Lair:2)
  2 gargoyles
  3 tengu conjurers
  A komodo dragon (Lair:1)
  2 trolls
  2 tyrant leeches (Lair:5)
  Prince Ribbit (D:8)
  2 blink frogs (Lair:3)
  A slime creature (D:13)
  A basilisk (Lair:3)
  2 chaos spawn (Gauntlet)
  11 yaks
  2 vampire mosquitoes (D:12)
  8 nagas
  2 wargs (Orc:1)
  Duvessa (D:6)
  12 orc warriors
  3 wolves
  2 ogres
  A centaur (Orc:2)
  A lemure (D:6)
  A small abomination (Gauntlet)
  3 bullfrogs
  A killer bee (D:9)
  An electric eel (D:9)
  A jelly (D:7)
  An orc wizard (Orc:1)
  5 orcs
  A fire vortex (Orc:1)
  46 fungi
  94 plants
274 creatures vanquished.

Grand Total: 917 creatures vanquished

Notes
Turn   | Place    | Note
-------+----------+-------------------------------------------
     0 | D:1      | cforsyth the Demonspawn Summoner began the quest for the
                  | Orb.
     0 | D:1      | Reached XP level 1. HP: 13/13 MP: 3/3
   276 | D:1      | You fall into a shaft and drop 1 floor!
   290 | D:2      | Gained mutation: When seriously injured, your blood forms
                  | armour. (AC +12) [demonic ancestry]
   290 | D:2      | Reached XP level 2. HP: 19/19 MP: 0/5
   560 | D:1      | Learned a level 2 spell: Call Imp
   778 | D:1      | Found a faded altar of an unknown god.
  1351 | D:2      | Gained mutation: You sometimes gain a little power by
                  | taking damage. [demonic ancestry]
  1351 | D:2      | Reached XP level 3. HP: 24/24 MP: 5/7
  1355 | D:2      | Learned a level 3 spell: Call Canine Familiar
  2262 | D:3      | Gained mutation: You regenerate magic rapidly. [demonic
                  | ancestry]
  2262 | D:3      | Reached XP level 4. HP: 30/30 MP: 2/8
  2268 | D:3      | Reached skill level 5 in Summonings
  2562 | D:3      | Noticed Terence
  2578 | D:3      | Killed Terence
  2579 | D:3      | Gained mutation: You sometimes gain power by taking damage.
                  | [demonic ancestry]
  2579 | D:3      | Reached XP level 5. HP: 35/35 MP: 5/10
  3200 | D:4      | Found a staircase to the Ecumenical Temple.
  3469 | D:5      | Entered Level 5 of the Dungeon
  3612 | D:5      | Gained mutation: When seriously injured, your blood forms
                  | thick armour. (AC +12) [demonic ancestry]
  3612 | D:5      | Reached XP level 6. HP: 20/41 MP: 7/12
  3711 | D:5      | Learned a level 3 spell: Summon Guardian Golem
  4047 | D:5      | Reached skill level 1 in Hexes
  4558 | D:6      | Reached skill level 5 in Spellcasting
  4558 | D:6      | Gained mutation: You have a pair of small horns on your
                  | head. [demonic ancestry]
  4558 | D:6      | Reached XP level 7. HP: 46/46 MP: 6/14
  4682 | D:6      | Noticed Dowan
  4698 | D:6      | Noticed Duvessa
  4787 | D:6      | Killed Dowan
  5412 | D:6      | Noticed Pikel
  5442 | D:6      | Killed Pikel
  5443 | D:6      | Gained mutation: When seriously injured, your blood forms
                  | very thick armour. (AC +12) [demonic ancestry]
  5443 | D:6      | Reached XP level 8. HP: 38/52 MP: 9/17
  5576 | D:6      | Killed Duvessa
  5817 | D:6      | Found a broken altar of Ashenzari.
  5951 | Temple   | Entered the Ecumenical Temple
  5999 | Temple   | Became a worshipper of Gozag Ym Sagoz the Greedy
  6276 | D:6      | Reached skill level 5 in Hexes
  6448 | D:7      | Identified the +3 ring mail of the Dungeon {rElec rCorr
                  | Slay+5}
  6472 | D:7      | Learned a level 4 spell: Summon Lightning Spire
  6611 | D:7      | Identified 2 scrolls of acquirement
  6662 | D:7      | Reached skill level 1 in Air Magic
  6727 | D:7      | Reached XP level 9. HP: 46/57 MP: 10/19
  7570 | D:8      | Found a sacrificial altar of Ru.
  8021 | D:8      | Found a staircase to the Lair.
  8056 | D:8      | Noticed Joseph
  8082 | D:8      | Killed Joseph
  8135 | D:8      | Noticed Prince Ribbit
  8150 | D:8      | Killed Prince Ribbit
  8451 | D:9      | Noticed a kobold demonologist
  8463 | D:9      | Noticed an orange demon
  8828 | Lair:1   | Entered Level 1 of the Lair of Beasts
  8828 | Lair:1   | Noticed superbruh's ghost (novice MiFi)
  8828 | Lair:1   | Found a runed translucent door.
  8978 | Lair:1   | Noticed a komodo dragon
  8987 | Lair:1   | Killed a komodo dragon
  8997 | Lair:1   | Noticed a boulder beetle
  9021 | Lair:1   | Killed a boulder beetle
  9022 | Lair:1   | Reached XP level 10. HP: 63/63 MP: 12/22
  9074 | Lair:1   | Reached skill level 10 in Summonings
  9125 | Lair:1   | Reached skill level 5 in Air Magic
  9556 | Lair:1   | Noticed an elephant
  9556 | Lair:1   | Noticed an elephant
  9560 | Lair:1   | Noticed an elephant
  9569 | Lair:1   | Killed an elephant
  9570 | Lair:1   | Killed an elephant
  9573 | Lair:1   | Killed an elephant
  9817 | Lair:1   | Reached skill level 10 in Spellcasting
  9945 | Lair:1   | Killed superbruh's ghost
  9946 | Lair:1   | Reached XP level 11. HP: 68/68 MP: 11/25
 10676 | Lair:2   | Noticed Erica
 10685 | Lair:2   | Killed Erica
 10839 | Lair:2   | Reached skill level 2 in Dodging
 10888 | Lair:2   | Reached skill level 1 in Fighting
 10944 | Lair:2   | Noticed a six-headed hydra
 10963 | Lair:2   | Killed a six-headed hydra
 10964 | Lair:2   | Reached skill level 3 in Dodging
 11030 | Lair:2   | Identified the +5 flail "Gairghyud" {freeze, Stlth+}
 11270 | Lair:2   | Noticed a bog body
 11271 | Lair:2   | Found a staircase to the Swamp.
 11278 | Lair:2   | Killed a bog body
 11301 | Lair:2   | Noticed a bog body
 11311 | Lair:2   | Killed a bog body
 11312 | Lair:2   | Reached skill level 4 in Dodging
 11356 | Lair:2   | Noticed Maggie
 11374 | Lair:2   | Killed Maggie
 11496 | Lair:2   | Got Ruthruediag's Tome of Confrontation
 11850 | Lair:3   | Reached skill level 5 in Fighting
 11850 | Lair:3   | Reached skill level 5 in Dodging
 11875 | Lair:3   | Reached XP level 12. HP: 71/86 MP: 25/27
 11978 | Lair:3   | Reached skill level 6 in Dodging
 12739 | Lair:3   | Found a staircase to the Snake Pit.
 13276 | Lair:4   | Reached skill level 7 in Dodging
 13795 | Lair:5   | Entered Level 5 of the Lair of Beasts
 13995 | Lair:5   | Reached skill level 8 in Dodging
 14006 | Lair:5   | Noticed a four-headed hydra
 14193 | Lair:5   | Found a viscous altar of Jiyva.
 14224 | Lair:5   | Found a staircase to the Slime Pits.
 14327 | Lair:5   | Reached XP level 13. HP: 101/101 MP: 22/28
 14423 | Lair:5   | Reached skill level 9 in Dodging
 14693 | Lair:5   | Reached skill level 10 in Fighting
 14878 | Lair:5   | Noticed Snorg
 14896 | Lair:5   | Killed Snorg
 15404 | Lair:5   | Reached skill level 10 in Dodging
 16742 | D:9      | Found Laerhuyh's Jewellery Boutique.
 16952 | D:10     | Entered Level 10 of the Dungeon
 17197 | D:10     | Found a staircase to the Orcish Mines.
 17226 | D:10     | Found a shimmering blue altar of Sif Muna.
 18535 | D:11     | Noticed Maurice
 18600 | D:11     | Killed Maurice
 18969 | D:11     | Reached skill level 11 in Dodging
 20121 | D:12     | Gained mutation: You have a pair of horns on your head.
                  | [demonic ancestry]
 20121 | D:12     | Reached XP level 14. HP: 94/115 MP: 29/29
 20774 | Orc:1    | Entered Level 1 of the Orcish Mines
 21160 | Orc:1    | Noticed an orc warlord
 21186 | Orc:1    | Noticed Harold
 21189 | Orc:1    | Killed an orc warlord
 21219 | D:10     | Killed Harold
 21529 | Orc:1    | Reached skill level 12 in Dodging
 22429 | Orc:1    | Noticed a fire giant
 23025 | Orc:1    | Killed a fire giant
 23279 | Orc:1    | Identified the +6 eveningstar "Xeel" {heavy, rPois rC+
                  | Dex-3}
 23397 | Orc:2    | Entered Level 2 of the Orcish Mines
 23720 | Orc:2    | Found Vukuixtu's Armour Boutique.
 23720 | Orc:2    | Found Asmying's Distillery.
 23722 | Orc:2    | Found Jypnus's Jewellery Emporium.
 23724 | Orc:2    | Found Xuowneyh's Armour Shop.
 23809 | Orc:2    | Found a staircase to the Elven Halls.
 23818 | Orc:2    | Reached skill level 13 in Dodging
 24039 | Orc:2    | Found Kimuucke's Armour Boutique.
 24396 | Orc:2    | Found Mynetah's Specific Store.
 24398 | Orc:2    | Found Ysaranwo's General Store.
 24861 | D:13     | Found Dimow Xis's General Store.
 25002 | D:13     | Gained mutation: You are powered by pain. [demonic
                  | ancestry]
 25002 | D:13     | Reached XP level 15. HP: 112/126 MP: 16/30
 25015 | D:13     | Noticed Erolcha
 25024 | D:13     | Killed Erolcha
 25094 | D:13     | Found a gate to the Vaults.
 25110 | D:13     | Found a gate leading to a gauntlet.
 25114 | Gauntlet | Entered a Gauntlet
 25114 | Gauntlet | Found a transporter.
 25124 | Gauntlet | Found a transporter.
 25132 | Gauntlet | Found a runed translucent gate.
 25132 | Gauntlet | Found a runed translucent gate.
 25132 | Gauntlet | Found a runed translucent gate.
 25135 | Gauntlet | Found a transporter.
 25138 | Gauntlet | Found a transporter.
 25149 | Gauntlet | Found a transporter.
 25162 | Gauntlet | Found a transporter.
 25173 | Gauntlet | Found a transporter.
 25184 | Gauntlet | Found a transporter.
 25198 | Gauntlet | Found a transporter.
 25198 | Gauntlet | Found a transporter.
 25212 | Gauntlet | Found a transporter.
 25224 | Gauntlet | Found a transporter.
 25224 | Gauntlet | Found a transporter.
 25453 | Gauntlet | Found a transporter.
 25602 | Gauntlet | Identified the ring "Iskyzoez" {rF+ rN+}
 25879 | Gauntlet | Found the +12 glaive of Prune {freeze, Prune}
 26783 | D:13     | Found a runed translucent gate.
 26783 | D:13     | Noticed Isikleif's ghost (journeyman MiBe)
 26784 | D:13     | Found a runed translucent gate.
 26784 | D:13     | Found a runed translucent gate.
 27035 | Lair:1   | Acquired 582 gold pieces
 27237 | D:13     | Killed Isikleif's ghost
 27662 | D:13     | Identified the +15 crystal plate armour "Fapyihy" {rC+
                  | Will+ Str+3 SInv}
 27848 | D:14     | Reached skill level 14 in Dodging
 28623 | D:14     | Noticed an iron dragon
 28624 | D:14     | Identified the +1 ring mail of the Arena {Dex+4}
 28624 | D:14     | Found a runed translucent door.
 28625 | D:14     | Noticed a storm dragon
 28627 | D:14     | Noticed a tengu reaver
 28894 | D:15     | Entered Level 15 of the Dungeon
 29153 | D:15     | Identified Roxanne's Discursus on Excavation
 29153 | D:15     | Noticed Roxanne
 29782 | D:15     | Reached skill level 15 in Dodging
 29838 | D:15     | Found Ciblenn's Book Shoppe.
 30372 | D:15     | Found a broken altar of Ashenzari.
 30413 | D:15     | Found a staircase to the Depths.
 31404 | Snake:1  | Entered Level 1 of the Snake Pit
 31429 | Snake:1  | Identified the +0 leather armour of Yhe Ello {Dex+2}
 31456 | Snake:1  | Reached skill level 1 in Armour
 31681 | Snake:1  | Noticed Aizul
 31702 | Snake:1  | Killed Aizul
 31703 | Snake:1  | Gained mutation: You have a pair of large horns on your
                  | head. [demonic ancestry]
 31703 | Snake:1  | Reached XP level 16. HP: 50/134 MP: 31/31
 32289 | Snake:1  | Noticed Azrael
 32303 | Snake:1  | Reached skill level 16 in Dodging
 32829 | Snake:1  | Azrael changed into Azrael the blizzard demon
 32829 | Snake:1  | Noticed Azrael
 32838 | Snake:1  | Killed Azrael the blizzard demon
 33341 | Lair:1   | Bought the ring of the Mage {Wiz Archmagi} for 612 gold
                  | pieces
 33341 | Lair:1   | Found the ring of the Mage {Wiz Archmagi}
 33456 | Snake:2  | Noticed Vashnia
 33456 | Snake:2  | You are sucked into a shaft and drop 1 floor!
 33662 | Snake:3  | Acquired the +10 morningstar "Eos" {elec, Halo rElec}
 33662 | Snake:3  | Found the +10 morningstar "Eos" {elec, Halo rElec}
 33663 | Snake:3  | Acquired the ring of Fugeiwn {rC++ Will+ Stlth+}
 33924 | Snake:3  | Reached skill level 5 in Armour
 34394 | Snake:3  | Found Rorghezie's General Store.
 34398 | Snake:3  | Noticed Mlioglotl
 34432 | Snake:3  | Killed Mlioglotl
 35995 | Snake:3  | Reached skill level 17 in Dodging
 36401 | Snake:2  | Noticed Asterion
 36418 | Snake:2  | Mangled by Asterion

Illustrated notes

Levels and vault maps discovered:
D:1:      minmay_arrival_five_plusses, layout_loops_ring,
          nicolae_ecumenical_lake_church
D:2:      layout_basic
D:3:      layout_loops_cross, uniq_terence
D:4:      layout_rooms, minmay_temple_entry_sparse_star, kennysheep_dice
D:5:      layout_basic, minmay_misc_feat_doors
D:6:      layout_cave_pods, mainiacjoe_overflow_brackets,
          minmay_misc_feat_roman, uniq_pikel, uniq_duvessa
D:7:      layout_rooms, kennysheep_boxes
D:8:      layout_basic, hangedman_ru_absence, lair_entry_dummy,
          uniq_prince_ribbit1, uniq_joseph
D:9:      layout_stronghold, serial_shops, nicolae_shop_behind_doors,
          nicolae_eternal_life, water_boxes_lemuel
D:10:     layout_basic, nicolae_sif_muna_condensation,
          minmay_orc_entry_temple_small, hangedman_glass_teeth
D:11:     layout_loops_ring, hangedman_decor_lopped, uniq_maurice
D:12:     layout_grid_maze
D:13:     layout_roguey, lightli_vaults_fourway_checkpoint, serial_shops,
          nicolae_stop_n_shop_1, gammafunk_ghost_spectres,
          gauntlet_entry_generic, uniq_erolcha
D:14:     minmay_gate_of_8, layout_loops_ring, chequers_mini_garden
D:15:     hangedman_depths_entry_try_elsewhere_first, layout_basic,
          serial_shops, nicolae_square_shop, evilmike_ruin_ashenzari,
          uniq_roxanne
Temple:   nicolae_temple_bog_church
Lair:1:   layout_regular_city, hellmonk_ghost_happy_afterlife,
          dreamdust_mushroom_princess
Lair:2:   layout_regular_city, skrybe_swamp_entry_bodies, wad_woods_river_01,
          uniq_maggie, uniq_erica
Lair:3:   layout_small_grid, dummy_snake_entry, grunt_megastairs_5,
          infiniplex_staircase_pool_2, lemuel_fruit_tree, lemuel_fruit_fields
Lair:4:   layout_roguey, infiniplex_staircase_pool
Lair:5:   minmay_lair_end_frog_pond, layout_regular_city,
          dpeg_slime_entry_corner, grunt_megastairs_2, uniq_snorg
Snake:1:  nicolae_snake_unarmed_stairs_patrol, layout_basic, uniq_azrael,
          uniq_aizul
Snake:2:  nicolae_snake_hallway, layout_layer_cave, uniq_asterion, uniq_vashnia
Snake:3:  layout_layer_cave, guppyfry_library_mini, minmay_shop_star,
          uniq_mlioglotl
Orc:1:    giant_chief_lemuel, layout_caves, minmay_orc_keep, uniq_nergalle,
          uniq_harold
Orc:2:    st_orc_rangers, layout_caves, serial_shops, shop,
          nicolae_specific_store

Skill      XL: |  1  2  3  4  5  6  7  8  9 10 11 12 13 14 15 16 |
---------------+-------------------------------------------------+-----
Spellcasting   | 3 4 5 6 7 8 10 11 | 11.9
Summonings     | 5 6 7 8 9 11 12 | 12.4
Hexes          | 2 4 5 |  5.0
Air Magic      | 1 4 5 |  5.0
Dodging        | 5 8 11 13 15 17 | 17.1
Fighting       | 5 9 12 14 | 14.6
Armour         | 2 7 |  7.4
Stealth        | |  1.7

Action                     |  1- 3 |  4- 6 |  7- 9 | 10-12 | 13-15 | 16-18 || total
---------------------------+-------+-------+-------+-------+-------+-------++-------
  Melee: Unarmed           |    25 |    29 |    18 |    19 |       |       ||    91
         Headbutt          |       |       |     4 |    25 |    85 |    34 ||   148
         Flail             |       |       |       |    86 |   321 |    55 ||   462
         Punch             |       |       |       |     1 |     7 |     4 ||    12
         Morningstar       |       |       |       |       |       |    51 ||    51
   Cast: Summon Small Mamm |    37 |    25 |    54 |    14 |    49 |     2 ||   181
         Call Imp          |     1 |    12 |    26 |    10 |    27 |     1 ||    77
         Call Canine Famil |    10 |    29 |    35 |    48 |   142 |    49 ||   313
         Summon Guardian G |       |     1 |    25 |    55 |   184 |    56 ||   321
         Summon Lightning  |       |       |     3 |    47 |   140 |    34 ||   224
 Invoke: Call Merchant     |       |       |       |     1 |     6 |       ||     7
  Evoke: Wand              |       |       |       |     1 |     2 |    13 ||    16
    Use: Scroll            |       |       |    14 |     4 |    17 |     6 ||    41
         Potion            |       |       |       |     1 |     3 |    12 ||    16
   Stab: Distracted        |       |     2 |       |     1 |     5 |       ||     8
         Paralysed         |       |       |       |     3 |       |       ||     3
         Sleeping          |       |       |       |     1 |     2 |       ||     3
 Armour: Robe              |    11 |    29 |    14 |       |       |       ||    54
         Ring mail         |       |       |     8 |    88 |   226 |   123 ||   445
  Dodge: Dodged            |    46 |    38 |    46 |   113 |   508 |   202 ||   953

Table legend: (Time is in decaauts)
 A = Elapsed time spent in this place.
 B = Non-inter-level travel time spent in this place.
 C = Inter-level travel time spent in this place.
 D = Time resting spent in this place.
 E = Time spent auto-exploring this place.
 F = Levels seen in this place.
 G = Mean time per level.
                   A        B        C        D        E       F      G
               +--------+--------+--------+--------+--------+-----+--------+
         Total |  36735 |  34761 |   1974 |   6516 |  18947 |  27 | 1360.6 |
       Dungeon |  19737 |  18467 |   1270 |   3102 |  10778 |  15 | 1315.8 |
        Temple |     70 |     50 |     20 |      0 |     31 |   1 |   70.0 |
          Lair |   7304 |   6851 |    453 |    763 |   4344 |   5 | 1460.8 |
     Snake Pit |   4885 |   4813 |     72 |   1455 |   1966 |   3 | 1628.3 |
  Orcish Mines |   3868 |   3710 |    158 |    988 |   1578 |   2 | 1934.0 |
      Gauntlet |    869 |    869 |      0 |    208 |    248 |   1 |  869.0 |
               +--------+--------+--------+--------+--------+-----+--------+

Top non-repeatable levels by time:
 Snake:3: 2618 daAuts
   Orc:1: 2577 daAuts
  Lair:5: 1911 daAuts
 Snake:1: 1906 daAuts
    D:14: 1862 daAuts
    D:13: 1848 daAuts
  Lair:1: 1731 daAuts
    D:12: 1696 daAuts
    D:15: 1676 daAuts
     D:8: 1569 daAuts
     D:6: 1561 daAuts
  Lair:2: 1408 daAuts
  Lair:3: 1407 daAuts
    D:11: 1372 daAuts
     D:9: 1324 daAuts
